 Dungeon Crawl Stone Soup version 0.23.2-33-g5129a83184 (webtiles) character file.

Game seed: 7748994970293620445

69 MalarOregon the Magician (level 4, -3/36 HPs)
             Began as a Ghoul Wizard on July 11, 2019.
             Slain by an ogre
             ... wielding a +0 giant spiked club
              (21 damage)
             ... on level 2 of the Dungeon.
             The game lasted 00:06:47 (2152 turns).

MalarOregon the Magician (Ghoul Wizard)             Turns: 2152, Time: 00:06:48

Health: -3/36      AC:  2    Str: 10    XL:     4   Next: 20%
Magic:  2/7        EV: 12    Int: 14    God:
Gold:   94         SH:  0    Dex:  7    Spells: 4/9 levels left

rFire    . . .     SeeInvis .   j - +2 dagger (venom)
rCold    + . .     Gourm    .   (no shield)
rNeg     + + +     Faith    .   a - +0 robe
rPois    ∞         Spirit   .   b - +0 hat
rElec    .         Reflect  .   (no cloak)
rCorr    .         Harm     .   (no gloves)
MR       .....                  (no boots)
Stlth    ++........             (no amulet)
HPRegen  0.00/turn              (no ring)
MPRegen  0.10/turn              (no ring)

@: very slightly contaminated, rotting
A: rotting body, claws 1, carnivore, cold resistance 1, negative energy
resistance 3, inhibited regeneration, torment resistance, unbreathing
a: no special abilities


You were on level 2 of the Dungeon.
You were hungry.

You visited 1 branch of the dungeon, and saw 2 of its levels.

You collected 94 gold pieces.

Inventory:

Hand Weapons
 j - a +2 dagger of venom (weapon)
   (You found it on level 1 of the Dungeon)
Armour
 a - a +0 robe (worn)
 b - a +0 hat (worn)
Scrolls
 d - 2 scrolls of amnesia {unknown}
 g - a scroll of remove curse {unknown}
 h - a scroll of immolation {unknown}
 l - a scroll of fog {unknown}
 m - 2 scrolls of identify {unknown}
Potions
 c - a potion of degeneration {unknown}
 i - a potion of invisibility {unknown}
 k - a potion of lignification {unknown}
Comestibles
 e - 5 rations {!d}


   Skills:
 + Level 2.3 Fighting
 - Level 1.7 Dodging
 - Level 2.1 Stealth
 + Level 3.3 Spellcasting
 - Level 1.0 Conjurations
 + Level 1.3 Summonings
 + Level 1.3 Translocations


You had 4 spell levels left.
You knew the following spells:

 Your Spells              Type           Power        Failure   Level  Hunger
a - Magic Dart            Conj           #...         14%         1    #......
b - Blink                 Tloc           N/A          19%         2    ##.....
x - Call Imp              Summ           #.......     19%         2    ##.....

Your spell library contained the following spells:

 Spells                   Type           Power        Failure   Level  Hunger
 Slow                     Hex            #.......     32%         2    ##.....
 Conjure Flame            Conj/Fire      #.......     45%         3    ###....
 Mephitic Cloud           Conj/Pois/Air  #.......     50%         3    ###....


Dungeon Overview and Level Annotations

Branches:
Dungeon (2/15)

Altars:


Innate Abilities, Weirdness & Mutations

Your body is rotting away.
You thrive on raw meat.
You are immune to poison.
You have sharp fingernails.
You are carnivorous and can eat meat at any time.
Your flesh is cold resistant. (rC+)
You are immune to negative energy. (rN+++)
You do not regenerate when monsters are visible.
You are immune to unholy pain and torment.
You can survive without breathing.


Message History

You butcher the bat corpse.
f - a chunk of flesh You see here a bat skeleton. x2
Eating a chunk of flesh.
You eat the chunk of flesh.
You feel more resilient.
This raw flesh tastes great!
A rat comes into view.
Found 17 sling bullets.
You see here a +0 dagger.
A rat is nearby!
An adder comes into view.
Found a murky blue potion.
A hobgoblin and an ogre come into view.
The ogre shouts!
The adder hisses angrily.
The hobgoblin shouts!
You see here a +0 dagger.
You see here a bat skeleton.
A shadowy apparition takes form in the air.
You are feeling hungry.
You miscast Call Imp.
You are very lightly contaminated with residual magic.
A fistful of eyes flickers past your view.
A beastly little devil appears in a puff of flame.
The rat closely misses your shadow imp.
Your shadow imp hits the rat.
The rat dies!
You hit the adder.
The adder is poisoned.
The adder bites you.
Your shadow imp barely misses the adder.
You miss the adder. The adder bites you but does no damage.
Something misses your shadow imp. The adder misses you.
Your shadow imp completely misses the adder.
You closely miss the adder. The adder barely misses you.
Something hits your shadow imp.
Your shadow imp closely misses the adder.
You barely miss the adder. The adder barely misses you.
Something hits your shadow imp.
Your shadow imp hits the adder.
You hit the adder.
The adder looks as sick as possible!
You kill the adder!
Something hits your shadow imp but does no damage.
Your shadow imp closely misses the ogre.
You hit the ogre.
The ogre is poisoned.
The ogre hits you with a +0 giant spiked club!
* * * LOW HITPOINT WARNING * * *
Something hits your shadow imp.
Your shadow imp hits the ogre.
Your crimson imp barely misses the ogre.
Something hits your shadow imp.
You hit the ogre.
The ogre hits you with a +0 giant spiked club!!
Ouch! That really hurt!
You die...

.!..####### #......
.......)..# #......
..........# #......
...(..$...# #######......
#.......# #.......####.
#....†..# #.......# #.
#......)#######.......####.
..........5O5................
############@..##.......##.#.
#...##..[....#....
####...##########....
........(...# #....
###########.## #....
####..#####....
#.........#....
###.........##.##
.........)...##.#


You could see an ogre, a friendly crimson imp and a friendly shadow imp.

Vanquished Creatures
  2 adders (D:2)
  A worm (D:2)
  3 dart slugs (D:1)
  A leopard gecko (D:1)
  4 giant cockroaches
  9 goblins
  5 kobolds
  2 quokkas (D:2)
  A ball python (D:1)
  4 bats
  3 frilled lizards (D:1)
  7 rats
42 creatures vanquished.

Vanquished Creatures (collateral kills)
  A rat (D:2)
1 creature vanquished.

Grand Total: 43 creatures vanquished

Notes
Turn   | Place    | Note
-------+----------+-------------------------------------------
     0 | D:1      | MalarOregon the Ghoul Wizard began the quest for the Orb.
     0 | D:1      | Reached XP level 1. HP: 14/14 MP: 3/3
   289 | D:1      | Reached skill level 1 in Fighting
   293 | D:1      | Reached XP level 2. HP: 23/23 MP: 0/4
   389 | D:1      | Reached skill level 3 in Spellcasting
   806 | D:1      | Learned a level 2 spell: Blink
   809 | D:1      | Learned a level 2 spell: Call Imp
  1409 | D:1      | Reached XP level 3. HP: 21/29 MP: 6/6
  1534 | D:1      | Reached skill level 1 in Translocations
  1633 | D:2      | Reached skill level 1 in Summonings
  1805 | D:2      | Reached skill level 1 in Conjurations
  1884 | D:2      | Reached XP level 4. HP: 13/36 MP: 7/7
  2136 | D:2      | Noticed an ogre
  2152 | D:2      | Slain by an ogre

Skill      XL: |  1  2  3 |
---------------+----------+-----
Fighting       | 1 2 |  2.3
Spellcasting   | 3 |  3.3
Translocations | 1 |  1.3
Summonings     | 1 |  1.3
Conjurations   | 1 |  1.0
Dodging        | |  1.7
Stealth        | |  2.1

Action                   |  1- 3 |  4- 6 || total
-------------------------+-------+-------++-------
Melee: Unarmed           |    47 |       ||    47
       Club              |    30 |       ||    30
       Dagger            |    51 |    11 ||    62
 Cast: Magic Dart        |    32 |       ||    32
       Call Imp          |       |     2 ||     2
 Stab: Sleeping          |     1 |       ||     1
  Eat: Chunk             |     3 |     1 ||     4
Armor: Robe              |    24 |     3 ||    27
Dodge: Dodged            |    87 |     6 ||    93
